 Dungeon Crawl Stone Soup version 0.27.0-1-g7a089689b8 (webtiles) character file.

Game seed: 1306103297716815178

232 infcreate the Skirmisher (level 6, -1/39 HPs)
             Began as a Gargoyle Fighter on Aug 7, 2021.
             Engulfed by a cloud of flame (18 damage)
             ... on level 4 of the Dungeon.
             The game lasted 00:06:34 (4301 turns).

infcreate the Skirmisher (Gargoyle Fighter)         Turns: 4301, Time: 00:06:35

Health: -1/39      AC: 12    Str: 20    XL:     6   Next: 4%
Magic:  6/6        EV: 11    Int: 10    God:
Gold:   174        SH: 10    Dex:  9    Spells: 5/5 levels left

rFire    . . .     SeeInvis .   a - +1 flail
rCold    . . .     Faith    .   c - +1 kite shield
rNeg     + . .     Spirit   .   b - +0 scale mail
rPois    ∞         Reflect  .   o - +0 helmet
rElec    +         Harm     .   (no cloak)
rCorr    .         Rampage  .   (no gloves)
Will     .....                  (no boots)
Stlth    ..........             (no amulet)
HPRegen  0.13/turn              E - +4 ring of evasion
MPRegen  0.10/turn              (no ring)

@: no status effects
A: sickness immunity, AC +4, negative energy resistance 1, electricity
resistance, torment resistance 1, petrification resistance
a: no special abilities


You were on level 4 of the Dungeon.
You visited 1 branch of the dungeon, and saw 4 of its levels.

You collected 174 gold pieces.


Innate Abilities, Weirdness & Mutations

You are immune to sickness and miasma.
Your stone body is resilient. (AC +4)
You are immune to poison.
You resist negative energy. (rN+)
You are resistant to electric shocks. (rElec)
You are resistant to unholy torment.
You are immune to petrification.


   Skills:
 + Level 4.5 Fighting
 + Level 3.4 Maces & Flails
 + Level 4.5 Armour
 + Level 4.5 Shields


You had 5 spell levels left.
You didn't know any spells.
Your spell library contained the following spells:

 Spells                   Type           Power      Damage    Failure   Level
 Pain                     Necr           0%         1d4       99%         1
 Slow                     Hex            0%         N/A       99%         2
 Confusing Touch          Hex            0%         N/A       100%        3
 Agony                    Necr           0%         N/A       100%        5
 Excruciating Wounds      Necr           0%         N/A       100%        5
 Yara's Violent Unravell  Hex/Tmut       0%         3d3       100%        5

Inventory:

Hand Weapons
 a - a +1 flail (weapon)
Armour
 b - a +0 scale mail (worn)
 c - a +1 kite shield (worn)
 o - a +0 helmet (worn)
Jewellery
 w - an amulet of magic regeneration
 E - a +4 ring of evasion (left hand)
 F - a ring of fire
Wands
 l - a wand of mindburst (9)
 t - a wand of iceblast (5)
Potions
 d - a potion of might
 e - a potion of haste {unknown}
 i - a potion of mutation {unknown}
 k - a potion of brilliance {unknown}
 p - a potion of lignification {unknown}
 s - a potion of attraction {unknown}
 v - a potion of heal wounds {unknown}

Dungeon Overview and Level Annotations

Branches:
Dungeon (4/15)
 Temple: D:4-7

Altars:
Nemelex Xobeh

Annotations:
D:2 Sigmund

#......# ▒
#......#
....#####
......#
#....@###.....#
#####§°§......#
..##.....!#
...# #.....#
....# #..<..#
............$#
#########.....#
#.....# #.....#


There were no monsters in sight!


Message History

As you read the scroll labelled GEREBI RIEKOH, it crumbles to dust.
It was a scroll of blinking.
As you read the scroll labelled LAIWOS IMEPNAA, it crumbles to dust.
You assume a fearsome visage.
Nothing appears to happen.
It was a scroll of fear.
As you read the scroll labelled OSAOTHUORR, it crumbles to dust.
It is a scroll of amnesia.
You feel forgetful for a moment.
As you read the scroll labelled QOGGELL XENGUO, it crumbles to dust.
It is a scroll of enchant armour.
Your +0 kite shield glows green for a moment.
As you read the scroll labelled SAIWNI NEARCH, it crumbles to dust.
You hear a loud clanging noise!
It was a scroll of noise.
You hear a shout! x2; You hear an angry hiss.
As you read the scroll labelled SIPUZAORYM, it crumbles to dust.
The creatures around you are filled with an inner flame!
It was a scroll of immolation.
As you read the scroll labelled WIKEUNNIGES, it crumbles to dust.
It is a scroll of enchant weapon.
Your +0 flail glows red for a moment.
You hit the orc.
Flame seeps out of the orc.
The orc is moderately wounded.
The orc is engulfed in blazing flames.
The orc explodes!
The fiery explosion engulfs you!!
Ouch! That really hurt!
* * * LOW HITPOINT WARNING * * *
You are engulfed in blazing flames.
You die...

Skill      XL: |  1  2  3  4 |
---------------+-------------+-----
Fighting       | 4 |  4.5
Armour         | 4 |  4.5
Shields        | 4 |  4.5
Maces & Flails | 3 |  3.4

Action                   |  1- 3 |  4- 6 || total
-------------------------+-------+-------++-------
Melee: Flail             |   124 |   194 ||   318
  Use: Scroll            |       |     9 ||     9
Armor: Scale mail        |    72 |    66 ||   138
Dodge: Dodged            |    53 |    98 ||   151
Block: Kite shield       |    62 |    98 ||   160

Levels and vault maps discovered:
D:1:      minmay_arrival_cross, layout_basic, hellmonk_ecumenical_altar_lost_god
D:2:      minmay_razor_zed, layout_loops_ring, chequers_serial_rivers_micro_e,
          uniq_sigmund, uniq_terence
D:3:      minmay_wonky_spiral, layout_loops_cross, nemelex_diamond_rough_becter,
          minivault_23
D:4:      layout_rooms, minmay_temple_entry_from_below_a,
          nicolae_ossuary_entry_plus, uniq_edmund

Notes
Turn   | Place    | Note
-------+----------+-------------------------------------------
     0 | D:1      | infcreate the Gargoyle Fighter began the quest for the Orb.
     0 | D:1      | Reached XP level 1. HP: 14/14 MP: 1/1
    64 | D:1      | Found a faded altar of an unknown god.
   426 | D:1      | Reached XP level 2. HP: 17/19 MP: 2/2
   889 | D:1      | Reached XP level 3. HP: 17/23 MP: 3/3
  1452 | D:2      | Noticed Terence
  1458 | D:2      | Noticed Sigmund
  1476 | D:2      | Killed Terence
  1477 | D:2      | Reached XP level 4. HP: 22/29 MP: 4/4
  2266 | D:2      | Reached skill level 4 in Fighting
  2384 | D:2      | Reached skill level 4 in Armour
  2638 | D:2      | Reached skill level 4 in Shields
  2993 | D:3      | Reached skill level 3 in Maces & Flails
  2993 | D:3      | Reached XP level 5. HP: 22/33 MP: 5/5
  3182 | D:3      | Found a sparkling altar of Nemelex Xobeh.
  4210 | D:4      | Reached XP level 6. HP: 39/39 MP: 6/6
  4301 | D:4      | Engulfed by a cloud of flame

Vanquished Creatures
  2 hounds (D:3)
  An orc priest (D:3)
  Terence (D:2)
  An adder (D:2)
  An ufetubus (D:4)
  An adder skeleton (D:4)
  A worm (D:2)
  3 dart slugs
  6 orcs
  7 ball pythons
  9 bats
  6 endoplasms
  2 giant cockroaches (D:2)
  9 goblins
  6 hobgoblins
  9 jackals (D:1)
  3 kobolds
  3 quokkas
  5 frilled lizards
  8 rats
84 creatures vanquished.

Table legend: (Time is in decaauts)
 A = Elapsed time spent in this place.
 B = Non-inter-level travel time spent in this place.
 C = Inter-level travel time spent in this place.
 D = Time resting spent in this place.
 E = Time spent auto-exploring this place.
 F = Levels seen in this place.
 G = Mean time per level.
                   A        B        C        D        E       F      G
               +--------+--------+--------+--------+--------+-----+--------+
         Total |   4463 |   4153 |    310 |    145 |   3085 |   4 | 1115.8 |
       Dungeon |   4463 |   4153 |    310 |    145 |   3085 |   4 | 1115.8 |
               +--------+--------+--------+--------+--------+-----+--------+

Top non-repeatable levels by time:
     D:2: 1770 daAuts
     D:1: 1480 daAuts
     D:3: 1197 daAuts
     D:4: 16 daAuts

Table legend:
 A = Non-vault XP
 B = Vault XP
 C = Vault XP percentage of total XP
 D = Non-vault monster count
 E = Vault monster count
 F = Vault count percentage of total count
                 A         B        C        D         E       F
            +---------+---------+-------+---------+---------+-------
      Total |     257 |      75 |  22.6 |      66 |      18 |  21.4
            +---------+---------+-------+---------+---------+-------
        D:1 |      39 |       0 |   0.0 |      21 |       0 |   0.0
        D:2 |      38 |      70 |  64.8 |      21 |      14 |  40.0
        D:3 |     164 |       5 |   3.0 |      21 |       4 |  16.0
        D:4 |      16 |       0 |   0.0 |       3 |       0 |   0.0
            +---------+---------+-------+---------+---------+-------
